 Dungeon Crawl Stone Soup version 0.21-a0-273-g0785366 (webtiles) character file.

2390 Lavandula the Grappler (level 9, -2/71 HPs)
             Began as a Ghoul Warper on Sept 17, 2017.
             Was a Believer of Wu Jian.
             Shot with an arrow by a centaur (13 damage)
             ... on level 9 of the Dungeon.
             The game lasted 00:22:44 (2897 turns).

Lavandula the Grappler (Ghoul Warper)               Turns: 2897, Time: 00:22:45

Health: -2/71      AC:  9    Str: 16    XL:     9   Next: 46%
Magic:  8/10       EV: 17    Int:  8    God:    Wu Jian [**....]
Gold:   368        SH:  5    Dex: 10    Spells: 4/11 levels left

rFire    + . .     SeeInvis .     - Unarmed
rCold    + . .     Gourm    .   g - +0 buckler
rNeg     + + +     Faith    .   n - +6 leather armour of the Devil's Team {rF+}
rPois    ∞         Spirit   .   (no helmet)
rElec    .         Reflect  .   (no cloak)
rCorr    .         Harm     .   (no gloves)
MR       .....                  (no boots)
Stlth    ++........             (no amulet)
HPRegen  0.00/turn              m - +5 ring of evasion
MPRegen  0.12/turn              u - ring of stealth

@: very slightly contaminated, rotting
A: rotting body, claws 1, carnivore 3, cold resistance 1, negative energy
resistance 3, inhibited regeneration, torment resistance, unbreathing
a: Renounce Religion


You were on level 9 of the Dungeon.
You worshipped Wu Jian.
Wu Jian was pleased with you.
You were not hungry.

You visited 2 branches of the dungeon, and saw 10 of its levels.

You collected 368 gold pieces.

Inventory:

Hand Weapons
 a - a +0 halberd of protection
Missiles
 c - 3 curare-tipped needles
 d - 4 tomahawks of dispersal (quivered)
 o - 8 tomahawks
 y - a throwing net
Armour
 g - a +0 buckler (worn)
 n - the +6 leather armour of the Devil's Team (worn) {rF+}
   (You found it on level 4 of the Dungeon)

   It protects you from fire.
Jewellery
 m - a +5 ring of evasion (left claw)
 u - a ring of stealth (right claw)
Wands
 s - a wand of lightning (7/15)
 t - a wand of flame (21/48)
 x - a wand of polymorph (1/24)
 z - a wand of paralysis (13/24)
Scrolls
 e - a scroll of teleportation
 h - a scroll of enchant armour {unknown}
 i - 5 scrolls of remove curse
 j - 3 scrolls of recharging
 w - a scroll of torment {unknown}
Potions
 k - a potion of brilliance {unknown}
 l - a potion of ambrosia {unknown}
 p - a potion of curing {unknown}
 q - 2 potions of agility
 r - a potion of haste {unknown}
 v - a potion of lignification
Books
 b - a book of Spatial Translocations

   Spells                             Type                      Level
   a - Blink                          Translocation                2
   b - Shroud of Golubria             Charms/Translocation         2
   c - Lesser Beckoning               Translocation                3
   d - Gell's Gravitas                Translocation                3
   e - Teleport Other                 Translocation                3
   f - Passage of Golubria            Translocation                4
Comestibles
 f - 5 meat rations


   Skills:
 + Level 3.8 Fighting
 - Level 0.8 Throwing
 - Level 0.8 Armour
 - Level 3.5 Dodging
 - Level 5.0 Shields
 - Level 11.0 Unarmed Combat
 - Level 1.7 Spellcasting
 - Level 2.6 Translocations


You had 4 spell levels left.
You knew the following spells:

 Your Spells              Type           Power        Failure   Level  Hunger
a - Blink                 Tloc           N/A          22%         2    ###....
b - Shroud of Golubria    Chrm/Tloc      #.........   36%         2    ###....
c - Teleport Other        Tloc           #.......     41%         3    ####...


Dungeon Overview and Level Annotations

Branches:
Dungeon (9/15)             Temple (1/1) D:4            Lair (0/6) D:8
    Orc: D:9-12

Altars:
Ashenzari
Elyvilon
Fedhas
Gozag
Hepliaklqana
Kikubaaqudgha
Makhleb
Nemelex Xobeh
Okawaru
Qazlal
Sif Muna
Vehumet
Wu Jian
Xom
Yredelemnul


Innate Abilities, Weirdness & Mutations

Your body is rotting away.
You thrive on raw meat.
You are immune to poison.
You have sharp fingernails.
You are carnivorous and can eat meat at any time.
Your flesh is cold resistant. (rC+)
You are immune to negative energy. (rN+++)
You do not regenerate when monsters are visible.
You are immune to unholy pain and torment.
You can survive without breathing.


Message History

The centaur warrior hits you.
* * * LOW HITPOINT WARNING * * *
Okay, then.
You have no room to wall jump.
Okay, then.
Evoke which item? (* to show all) (? for menu, Esc to quit)
Aiming: Paralyse (will waste charges)
Press: ? - help, Shift-Dir - straight line, f - centaur
Aim: a centaur, wielding a shortbow (chance to defeat MR: 46%)
The centaur resists with some effort.
Evoking this partially-identified wand wasted a few charges.
The centaur warrior barely misses you.
You scratch the centaur warrior.
The centaur warrior is heavily wounded.
The centaur warrior hits you!
* * * LOW HITPOINT WARNING * * *
It was a potion of lignification.
You feel woody for a moment. You block the centaur warrior's attack.
The centaur shoots an arrow.
The arrow hits you!
You die...

######## #..... #......#
#..... #......# #.....
#......# #.....
.#+#########......# #.....
..........##......# #.....
..........##......# #.....
........(.##......#####.....
.........ac@......).........
..........##.....)#####.#.##
..................# #.#.#
............c..#..# #....
.........#.....##.# ......
.........#.....##..# ##....
.........#.....###.# #....
.........#.....# .# #.... ..
##.##


You could see a centaur warrior, a centaur and a worker ant.

Vanquished Creatures
  Prince Ribbit (D:7)
  A hippogriff (D:8)
  A steam dragon (D:8)
  A hungry ghost (D:9)
  A hornet zombie (D:9)
  A black bear (D:7)
  2 sky beasts
  An ice beast (D:5)
  An ogre (D:7)
  2 centaurs (D:6)
  A bullfrog (D:9)
  2 scorpions (D:6)
  A howler monkey (D:9)
  3 crimson imps
  A bullfrog zombie (D:6)
  An orc priest (D:9)
  4 hounds
  A jelly (D:5)
  3 bullfrog skeletons
  4 worker ants
  An iguana (D:6)
  3 orc wizards
  A killer bee zombie (D:8)
  A worker ant zombie (D:7)
  4 gnolls (D:4)
  5 adders
  A shadow imp (D:5)
  2 adder zombies
  3 adder skeletons
  4 worms
  2 dart slugs (D:1)
  2 leopard geckos
  7 orcs
  5 bats
  A bat zombie (D:8)
  A giant cockroach (D:5)
  5 hobgoblins
  2 jackals (D:9)
  A quokka (D:5)
  3 frilled lizards
  A quokka skeleton (D:4)
  A quokka zombie (D:6)
  A rat (D:2)
  A rat zombie (D:8)
91 creatures vanquished.

Vanquished Creatures (others)
  A two-headed ogre (D:8)
  A sky beast (D:9)
  A black bear (D:8)
  A centaur (D:8)
  A howler monkey (D:8)
  A hound (D:8)
  An orc wizard (D:8)
  An adder (D:8)
  A leopard gecko (D:8)
9 creatures vanquished.

Grand Total: 100 creatures vanquished

Notes
Turn   | Place    | Note
-------+----------+-------------------------------------------
     0 | D:1      | Lavandula the Ghoul Warper began the quest for the Orb.
     0 | D:1      | Reached XP level 1. HP: 17/17 MP: 2/2
    76 | D:1      | Reached XP level 2. HP: 3/24 MP: 3/3
   267 | D:2      | Reached skill level 3 in Unarmed Combat
   279 | D:2      | Learned a level 2 spell: Blink
   282 | D:2      | Learned a level 2 spell: Shroud of Golubria
   465 | D:4      | Reached skill level 4 in Unarmed Combat
   465 | D:4      | Reached XP level 3. HP: 3/29 MP: 1/4
   482 | D:4      | Got an ancient leather armour
   493 | D:4      | Identified the +6 leather armour of the Devil's Team {rF+} (You found it on level 4 of the Dungeon)
   507 | D:4      | Reached XP level 4. HP: 36/36 MP: 0/5
   571 | D:4      | Found a staircase to the Ecumenical Temple.
   587 | Temple   | Entered the Ecumenical Temple
   623 | Temple   | Became a worshipper of the Wu Jian Council
   688 | D:4      | Reached XP level 5. HP: 44/44 MP: 3/6
   710 | D:4      | Reached skill level 5 in Unarmed Combat
   895 | D:5      | Entered Level 5 of the Dungeon
   898 | D:5      | Noticed an ice beast
   915 | D:5      | Killed an ice beast
   915 | D:5      | Reached skill level 6 in Unarmed Combat
   915 | D:5      | Reached XP level 6. HP: 49/51 MP: 5/7
  1168 | D:5      | Reached skill level 7 in Unarmed Combat
  1242 | D:5      | Found an ornate altar of the Wu Jian Council.
  1316 | D:6      | Reached XP level 7. HP: 54/56 MP: 8/8
  1323 | D:6      | Reached skill level 8 in Unarmed Combat
  1394 | D:6      | Found a shattered altar of Ashenzari.
  1436 | D:6      | Reached * piety under Wu Jian
  1484 | D:6      | Reached skill level 9 in Unarmed Combat
  1613 | D:6      | Reached XP level 8. HP: 52/63 MP: 9/9
  1869 | D:7      | Noticed Prince Ribbit
  1872 | D:7      | Reached skill level 10 in Unarmed Combat
  1888 | D:7      | Killed Prince Ribbit
  1930 | D:7      | Reached skill level 11 in Unarmed Combat
  2195 | D:8      | Noticed a hippogriff
  2210 | D:8      | Killed a hippogriff
  2230 | D:8      | Found a shimmering altar of Xom.
  2230 | D:8      | Noticed a two-headed ogre
  2291 | D:8      | Reached skill level 1 in Shields
  2327 | D:8      | Reached XP level 9. HP: 49/69 MP: 10/10
  2341 | D:8      | Learned a level 3 spell: Teleport Other
  2435 | D:8      | Found a staircase to the Lair.
  2512 | D:8      | Found a radiant altar of Vehumet.
  2526 | D:8      | Noticed a two-headed ogre
  2565 | D:8      | Found an ancient bone altar of Kikubaaqudgha.
  2566 | D:8      | Reached ** piety under Wu Jian
  2584 | D:8      | Killed a two-headed ogre
  2850 | D:9      | Reached skill level 5 in Shields
  2881 | D:9      | Noticed a centaur warrior
  2897 | D:9      | Shot with an arrow by a centaur

Vault maps used:
D:1:      dpeg_cavernosity
D:2:      okawaru_gym_becter
D:3:      first_bread
D:4:      minmay_temple_entry_statues
D:5:      basic_altar, kennysheep_generic_room_14
D:6:      cheibrodos_ashenzari_chains
D:7:      minitemple, grunt_ogre_cave, kennysheep_generic_room_3,
          uniq_prince_ribbit1
D:8:      fiery_altar_vehumet, lemuel_zombie_altar_kikubaaqudgha,
          lair_entry_dummy, serial_bayou_pond_b, xom_confusion_cloud
Temple:   nicolae_temple_x_marks_the_god

Skill      XL: |  1  2  3  4  5  6  7  8  9 |
---------------+----------------------------+-----
Unarmed Combat | 4 6 7 9 11 | 11.0
Fighting       | 3 |  3.8
Dodging        | 3 |  3.5
Shields        | 1 5 |  5.0
Throwing       | |  0.8
Armour         | |  0.8
Spellcasting   | |  1.7
Translocations | |  2.6

Action                   |  1- 3 |  4- 6 |  7- 9 || total
-------------------------+-------+-------+-------++-------
Melee: Unarmed           |    71 |   151 |   271 ||   493
       Punch             |       |     6 |     7 ||    13
Throw: Tomahawk          |       |       |     1 ||     1
 Cast: Blink             |     1 |       |     2 ||     3
       Shroud of Golubri |     1 |     6 |    16 ||    23
       Teleport Other    |       |       |     1 ||     1
Evoke: Wand              |       |       |     2 ||     2
  Use: Scroll            |       |     4 |     2 ||     6
       Potion            |       |       |     1 ||     1
 Stab: Sleeping          |       |       |     1 ||     1
  Eat: Chunk             |    12 |     5 |    14 ||    31
Armor: Leather armour    |     8 |    32 |    49 ||    89
Dodge: Dodged            |    47 |   103 |   163 ||   313
Block: Buckler           |       |       |    12 ||    12

Table legend:
 A = Spawn XP
 B = Non-spawn XP
 C = Spawn XP percentage of total XP
 D = Spawn monster count
 E = Non-spawn monster count
 F = Spawn count percentage of total count
 G = Total turns spent on level
                    A         B        C        D         E        F      G
               +---------+---------+-------+---------+---------+-------+---------
         Total |       0 |    3415 |   0.0 |       0 |      92 |   0.0 |  2897
               +---------+---------+-------+---------+---------+-------+---------
           D:1 |       0 |      11 |   0.0 |       0 |       4 |   0.0 |   237
           D:2 |       0 |      17 |   0.0 |       0 |       8 |   0.0 |   191
           D:3 |       0 |       9 |   0.0 |       0 |       4 |   0.0 |    43
           D:4 |       0 |     232 |   0.0 |       0 |      14 |   0.0 |   377
           D:5 |       0 |     282 |   0.0 |       0 |      10 |   0.0 |   418
           D:6 |       0 |     712 |   0.0 |       0 |      16 |   0.0 |   504
           D:7 |       0 |     721 |   0.0 |       0 |       8 |   0.0 |   378
           D:8 |       0 |     784 |   0.0 |       0 |      13 |   0.0 |   487
           D:9 |       0 |     647 |   0.0 |       0 |      15 |   0.0 |   215
               +---------+---------+-------+---------+---------+-------+---------
